 Dungeon Crawl Stone Soup version 0.31-a0-1496-g79c7dd0eeb (webtiles) character file.

Game seed: 14020866575678937073

0 kae the Vexing (level 1, -1/13 HPs)
             Began as a Demonspawn Enchanter on Dec 29, 2023.
             Slain by a jackal (2 damage)
             ... on level 1 of the Dungeon.
             The game lasted 00:00:10 (23 turns).

kae the Vexing (Demonspawn Enchanter)                 Turns: 23, Time: 00:00:11

Health: -1/13      AC:  2    Str:  8    XL:     1   Next: 8%
Magic:  3/3        EV: 12    Int: 15    God:
Gold:   0          SH:  0    Dex: 13    Spells: 4/4 levels left

rFire   . . .        a - +1 dagger
rCold   . . .        (no shield)
rNeg    . . .        b - +0 robe
rPois   .            (no helmet)
rElec   .            (no cloak)
rCorr   +            (no gloves)
SInv    .            (no boots)
Will    .....        (no amulet)
Stlth   ++           R - ring of resist corrosion
HPRegen 0.22/turn    (no ring)
MPRegen 0.08/turn

%: no passive effects
@: no status effects
A: no striking features
a: no special abilities


You were on level 1 of the Dungeon.
You visited 1 branch of the dungeon, and saw 1 of its levels.


   Skills:
 + Level 0.0 Fighting
 * Level 0.8 Short Blades
 - Level 1.7 Dodging
 * Level 2.7 Stealth
 + Level 2.0 Spellcasting
 + Level 3.0 Hexes


You had 4 spell levels left.
You didn't know any spells.
Your spell library contained the following spells:

 Spells                   Type           Power      Damage    Failure   Level
 Ensorcelled Hibernation  Hex/Ice        12%        N/A       19%         2
 Confusing Touch          Hex            10%        N/A       19%         3
 Tukima's Dance           Hex            10%        N/A       19%         3
 Dazzling Flash           Conj/Hex       12%        N/A       34%         3

Inventory:

Hand Weapons
 a - a +1 dagger (weapon)
Armour
 b - a +0 robe (worn)
Jewellery
 R - a ring of resist corrosion (left hand)
   (You found it on level 1 of the Dungeon)
Potions
 c - 2 potions of invisibility

Dungeon Overview and Level Annotations

Branches:
Dungeon (1/15) Zot: 5976

Altars:

####.#### #
##.......## #.
##.........## #.#
##...........## #...
#.............# ##.
..##.............#
#....#.#.............#
#..hh.....<.......
#....#.#@............#
##. h.##.............#
#.#. #.............# #
# ##...........##
##.........##
##.......## ####.####
..


You could see 2 jackals.


Message History

Lua error: /dgldir/rcfiles/crawl-git/kae.rc:525: unexpected symbol near '#' 🤖 Initializing magus.rc ...
Bad monster_list_colour key: strict_neutral Bad channel name 'pray' for runrest: 'pray:' Options error: Missing colour in message_colour setting: 'that.*feels deathly cold' Options error: Missing colour in message_colour setting: 'and you must be Full or above to equip it' Options error: Missing colour in message_colour setting: 'but rights himself reflexively soon after' Options error: Missing colour in message_colour setting: 'before it is too late' ✅ Successfully initialized magus.rc [v1.11.3] Welcome, kae the Demonspawn Enchanter.
A smirking vizier told you that the Orb of Zot is just within this dungeon.
Press ? for a list of commands and other information.
Found a coral ring.
Found a staircase leading out of the dungeon.
A rat comes into view.
You see here a ring of resist corrosion.
A rat is nearby!
A rat is nearby!
R - a ring of resist corrosion The rat squeaks loudly.
You hear a bark! x2
R - a ring of resist corrosion (left hand)
You hear a bark!
You hear a loud squeak. 2 jackals come into view.
A jackal comes into view.
You barely miss the rat. The rat bites you. 😕 HP[-1]
You take 1 damage, and now have 12/13 hp.
You barely miss the rat. The rat closely misses you.
You barely miss the rat. The rat barely misses you.
You hit the rat.
You kill the rat!
A rat comes into view.
You hit the jackal but do no damage.
The jackal bites you but does no damage.
The jackal misses you. 😎 HP[+1]
Your hp is fully restored (13).
You hit the jackal. The jackal bites you. x2
You are too injured to fight recklessly! 😮 HP[-6]
You take 6 damage, and now have 7/13 hp.
MASSIVE DAMAGE!! (PAUSE)
You hit the jackal but do no damage. The jackal closely misses you.
The jackal barely misses you.
You closely miss the jackal. The jackal bites you.
* * * LOW HITPOINT WARNING * * *
The jackal bites you.
* * * LOW HITPOINT WARNING * * *
😨 HP[-2]
You take 2 damage, and now have 5/13 hp.
Unknown command.
You barely miss the jackal.
The jackal bites you but does no damage.
You miss the jackal. The jackal closely misses you. The jackal bites you.
* * * LOW HITPOINT WARNING * * *
The jackal barely misses you. The jackal closely misses you. 😱 HP[-2]
You take 2 damage, and now have 3/13 hp.
You hit the jackal. The jackal misses you. The jackal closely misses you.
You barely miss the jackal. The jackal closely misses you.
The jackal bites you but does no damage.
Unknown command.
You barely miss the jackal. The jackal bites you.
* * * LOW HITPOINT WARNING * * *
The jackal bites you.
You die...

Action                     || total
---------------------------++-------
  Melee: Dagger            ||    13
 Armour: Robe              ||    11
  Dodge: Dodged            ||    11

Levels and vault maps discovered:
D:1:      psy_arrival_dodecagon, layout_basic, st_stairs_13,
          minmay_gold_behind_fungi

Notes
Turn   | Place    | Note
-------+----------+-------------------------------------------
     0 | D:1      | kae the Demonspawn Enchanter began the quest for the Orb.
     0 | D:1      | Reached XP level 1. HP: 13/13 MP: 3/3
     0 | D:1      | magus.rc [v1.11.3]
    20 | D:1      | HP: 3/13 [jackal (2)]
    23 | D:1      | HP: 1/13 [jackal (3)]
    23 | D:1      | Slain by a jackal

Vanquished Creatures
  A rat (D:1)
1 creature vanquished.

Table legend:
 A = Non-vault XP
 B = Vault XP
 C = Vault XP percentage of total XP
 D = Non-vault monster count
 E = Vault monster count
 F = Vault count percentage of total count
                 A         B        C        D         E       F
            +---------+---------+-------+---------+---------+-------
      Total |       1 |       0 |   0.0 |       1 |       0 |   0.0
            +---------+---------+-------+---------+---------+-------
        D:1 |       1 |       0 |   0.0 |       1 |       0 |   0.0
            +---------+---------+-------+---------+---------+-------

Action                     || total
---------------------------++-------
  Melee: Dagger            ||    13
 Armour: Robe              ||    11
  Dodge: Dodged            ||    11

Illustrated notes

Table legend:
 A = Kills in this place as a percentage of kills in the entire game.
 B = Kills by you in this place as a percentage of kills by you in the entire game.
 C = Kills by friends in this place as a percentage of kills by friends in the entire game.
 D = Other kills in this place as a percentage of other kills in the entire game.
 E = Experience gained in this place as a percentage of experience gained in the entire game.
 F = Experience gained in this place divided by the number of levels of this place that you have seen.
                   A       B       C       D       E      F
               +-------+-------+-------+-------+-------+----------------------
         Total | 100.0 | 100.0 |   N/A |   N/A | 100.0 |   1.0
       Dungeon | 100.0 | 100.0 |   N/A |   N/A | 100.0 |   1.0
               +-------+-------+-------+-------+-------+----------------------

Table legend: (Time is in decaauts)
 A = Elapsed time spent in this place.
 B = Non-inter-level travel time spent in this place.
 C = Inter-level travel time spent in this place.
 D = Time resting spent in this place.
 E = Time spent auto-exploring this place.
 F = Levels seen in this place.
 G = Mean time per level.
                   A        B        C        D        E       F      G
               +--------+--------+--------+--------+--------+-----+--------+
         Total |     22 |     22 |      0 |      0 |      4 |   1 |   22.0 |
       Dungeon |     22 |     22 |      0 |      0 |      4 |   1 |   22.0 |
               +--------+--------+--------+--------+--------+-----+--------+

Top non-repeatable levels by time:
     D:1: 22 daAuts
